 Dungeon Sprint DCSS version 0.21-a0-72-gbbb65ab (webtiles) character file.

1957 Kidiri the Skirmisher (level 8, -2/68 HPs)
             Began as a Demonspawn Transmuter on June 20, 2017.
             Was a High Priest of Wu Jian.
             Slain by a jiangshi (17 damage)
             ... summoned by a vampire mage
             ... in the Dungeon (Sprint VII: "The Pits").
             The game lasted 00:10:20 (1234 turns).

Kidiri the Skirmisher (Demonspawn Transmuter)       Turns: 1234, Time: 00:10:21

Health: -2/68      AC:  6    Str: 10    XL:     8   Next: 99%
Magic:  11/19      EV: 17    Int: 15    God:    Wu Jian [*****.]
Gold:   0          SH:  0    Dex: 20    Spells: 9/22 levels left

rFire    . . .     SeeInvis .     - Unarmed
rCold    . . .     Gourm    .   (no shield)
rNeg     . . .     Faith    .   k - +0 leather armour
rPois    +         Spirit   .   (helmet restricted)
rElec    .         Reflect  .   v - +0 cloak
rCorr    .         Harm     .   w - +0 pair of gloves
MR       .....     NoTele   +   (boots unavailable)
Stlth    ++........             (no amulet)
HPRegen  0.21/turn              r - +3 ring of dexterity
MPRegen  0.16/turn              s - +3 ring of dexterity

@: very slightly contaminated, glowing, heavenly storm
A: claws 1, horns 1, talons 3, blurry vision 1, nightstalker 1, poison
resistance, powered by death 1, weak 1
a: Serpent's Lash, Heavenly Storm, Renounce Religion


You were in the Dungeon.
You worshipped Wu Jian.
Wu Jian was extremely pleased with you.
You were full.

You visited 1 branch

Inventory:

Missiles
 a - 12 arrows
Armour
 k - a +0 leather armour (worn)
 v - a +0 cloak (worn)
 w - a +0 pair of gloves (worn)
Jewellery
 r - a +3 ring of dexterity (left hand)
 s - a +3 ring of dexterity (right hand)
Scrolls
 j - a scroll of blinking
 m - 2 scrolls of remove curse
 n - 5 scrolls of amnesia
 o - a scroll of summoning
Potions
 e - 8 potions of curing
 f - 8 potions of heal wounds
 g - 2 potions of haste
 h - 4 potions of magic
 i - 4 potions of berserk rage
 l - 2 potions of invisibility
 t - a potion of brilliance
 u - a potion of agility
Books
 c - a book of Changes

   Spells                             Type                      Level
   a - Beastly Appendage              Transmutation                1
   b - Sticks to Snakes               Transmutation                2
   c - Spider Form                    Transmutation/Poison         3
   d - Ice Form                       Ice/Transmutation            4
   e - Blade Hands                    Transmutation                5
Comestibles
 b - 11 chunks of flesh
 d - 8 bread rations
 p - 29 fruits
 q - 7 meat rations


   Skills:
 * Level 7.9 Fighting
 + Level 4.9 Armour
 * Level 7.5 Dodging
 + Level 5.4 Stealth
 * Level 7.7 Unarmed Combat
 * Level 7.6 Spellcasting
 * Level 7.5 Transmutations
 + Level 3.9 Ice Magic
 + Level 4.0 Poison Magic


You had 9 spell levels left.
You knew the following spells:

 Your Spells              Type           Power        Failure   Level  Hunger
a - Beastly Appendage     Tmut           ####..       1%          1    None
b - Spider Form           Tmut/Pois      ###.......   4%          3    ##.....
c - Ice Form              Ice/Tmut       ###.....     16%         4    ####...
d - Blade Hands           Tmut           ####......   21%         5    #####..


Dungeon Overview and Level Annotations

Branches:
Dungeon (1/1)

Altars:
Ashenzari
Cheibriados
Dithmenos
Elyvilon
Fedhas
Gozag
Hepliaklqana
Kikubaaqudgha
Makhleb
Nemelex Xobeh
Okawaru
Qazlal
Ru
Sif Muna
Trog
Uskayaw
Vehumet
Wu Jian
Xom
Yredelemnul
Zin
The Shining One
Beogh
Jiyva
Lugonu


Innate Abilities, Weirdness & Mutations

You have sharp fingernails.
You have a pair of small horns on your head.
You have claws for feet.
You are slightly more attuned to the shadows.
You regenerate a little health from kills.
Scrolls take you a little longer to read.
Your system is resistant to poisons. (rPois)
You are weak. (Str -2)


Message History

You hear a roar!
The jiangshi barely misses you. The jiangshi claws you!!
The jiangshi draws strength from your injuries!
The vampire mage barely misses you. The vampire mage closely misses you.
The jiangshi claws you!!
* * * LOW HITPOINT WARNING * * *
The jiangshi draws strength from your injuries!
The jiangshi claws you.
* * * LOW HITPOINT WARNING * * *
The jiangshi draws strength from your injuries!
Unknown command.
Casting: Blade Hands
Confirm with . or Enter, or press ? or * to list all spells.
You miscast Blade Hands.
You are very lightly contaminated with residual magic.
Waves of light ripple over your body. The jiangshi claws you.
* * * LOW HITPOINT WARNING * * *
The jiangshi draws strength from your injuries!
The jiangshi claws you!
You die...

.......##''#
.......##..#
.......##..#
...<...##..#### +#
.......##..#..### .##
.......##§§#§§§§##...#
.......##§§§§§§z§#§..#.
#########§§§§§§VV§§..'.
#########§§§§§§§@#§..#
..#..[.##§§#§§§§##...#
..#..[.##..#§§### .##
).+..))##..#### +#
).#..))##..#
..#..))##..#
############


You could see a jiangshi, a vampire mage (invisible) and a flying skull.

Vanquished Creatures
  A sea snake (D)
  A polar bear (D)
  A hungry ghost (D)
  2 water moccasins (D)
  3 floating eyes (D)
  2 black bears (D)
  An eye of draining (D)
  A gnoll sergeant (D)
  An orc priest (D)
  A gnoll shaman (D)
  An iguana (D)
  An orc wizard (D)
  A mummy (D)
  8 gnolls (D)
  An adder (D)
  A river rat (D)
  An ooze (D)
  7 orcs (D)
  2 bats (D)
  A giant cockroach (D)
  A goblin (D)
  A hobgoblin (D)
  2 ball pythons (D)
42 creatures vanquished.

Notes
Turn   | Place    | Note
-------+----------+-------------------------------------------
     0 | D        | Kidiri the Demonspawn Transmuter began the quest for the Orb.
     0 | D        | Reached XP level 1. HP: 15/15 MP: 3/3
    52 | D        | Found a bloodstained altar of Trog.
    52 | D        | Found a deep blue altar of Sif Muna.
    52 | D        | Found a viscous altar of Jiyva.
    52 | D        | Found a hazy altar of Hepliaklqana.
    52 | D        | Found an opulent altar of Gozag.
    53 | D        | Found a glowing golden altar of the Shining One.
    53 | D        | Found a glowing silver altar of Zin.
    53 | D        | Found a basalt altar of Yredelemnul.
    53 | D        | Found a shimmering altar of Xom.
    53 | D        | Found an ornate altar of the Wu Jian Council.
    53 | D        | Found a sacrificial altar of Ru.
    53 | D        | Found a stormy altar of Qazlal.
    53 | D        | Found an iron altar of Okawaru.
    53 | D        | Found a sparkling altar of Nemelex Xobeh.
    53 | D        | Found a burning altar of Makhleb.
    53 | D        | Found a blossoming altar of Fedhas.
    53 | D        | Found a white marble altar of Elyvilon.
    53 | D        | Found a shadowy altar of Dithmenos.
    53 | D        | Found a snail-covered altar of Cheibriados.
    55 | D        | Found a radiant altar of Vehumet.
    55 | D        | Found a corrupted altar of Lugonu.
    55 | D        | Found a roughly hewn altar of Beogh.
    56 | D        | Found a hide-covered altar of Uskayaw.
    56 | D        | Found an ancient bone altar of Kikubaaqudgha.
    56 | D        | Found a shattered altar of Ashenzari.
    64 | D        | Became a worshipper of the Wu Jian Council
   125 | D        | Noticed a floating eye
   125 | D        | Noticed a floating eye
   129 | D        | Paralysed by a floating eye for 2 turns
   132 | D        | Killed a floating eye
   132 | D        | Gained mutation: You regenerate a little health from kills. [demonic ancestry]
   132 | D        | Reached XP level 2. HP: 25/25 MP: 4/7
   132 | D        | Gained mutation: You are slightly more attuned to the shadows. [demonic ancestry]
   132 | D        | Reached XP level 3. HP: 30/30 MP: 4/8
   132 | D        | Mutation became permanent: You have razor-sharp toenails. [demonic ancestry]
   132 | D        | Gained mutation: You have claws for feet. [demonic ancestry]
   132 | D        | Reached XP level 4. HP: 37/37 MP: 5/10
   137 | D        | Killed a floating eye
   137 | D        | Reached * piety under Wu Jian
   137 | D        | Reached skill level 5 in Unarmed Combat
   137 | D        | Reached XP level 5. HP: 43/43 MP: 6/12
   158 | D        | Learned a level 3 spell: Spider Form
   163 | D        | Learned a level 4 spell: Ice Form
   169 | D        | Learned a level 5 spell: Blade Hands
   206 | D        | Noticed a floating eye
   207 | D        | Noticed a black bear
   209 | D        | Reached ** piety under Wu Jian
   210 | D        | Killed a floating eye
   210 | D        | Reached skill level 5 in Fighting
   210 | D        | Reached skill level 5 in Dodging
   210 | D        | Reached skill level 5 in Spellcasting
   210 | D        | Reached skill level 5 in Transmutations
   210 | D        | Reached skill level 1 in Ice Magic
   210 | D        | Reached skill level 1 in Poison Magic
   210 | D        | Gained mutation: You have razor-sharp toenails. [demonic ancestry]
   210 | D        | Reached XP level 6. HP: 51/51 MP: 10/14
   277 | D        | Noticed a hungry ghost
   280 | D        | Reached *** piety under Wu Jian
   286 | D        | Reached **** piety under Wu Jian
   289 | D        | Gained mutation: You have sharp fingernails. [demonic ancestry]
   289 | D        | Reached XP level 7. HP: 36/58 MP: 13/15
   304 | D        | Killed a hungry ghost
   304 | D        | Reached ***** piety under Wu Jian
  1044 | D        | Gained mutation: You have a pair of small horns on your head. [demonic ancestry]
  1044 | D        | Reached XP level 8. HP: 65/65 MP: 11/18
  1114 | D        | Gained mutation: Your system is resistant to poisons. (rPois) [potion of mutation]
  1114 | D        | Gained mutation: Scrolls take you a little longer to read. [potion of mutation]
  1114 | D        | Gained mutation: You are weak. (Str -2) [potion of mutation]
  1114 | D        | Gained mutation: You have claws for feet. [potion of mutation]
  1217 | D        | Noticed a sea snake
  1217 | D        | Noticed a polar bear
  1221 | D        | Killed a sea snake
  1221 | D        | Reached skill level 5 in Stealth
  1222 | D        | Killed a polar bear
  1230 | D        | Noticed a vampire mage
  1232 | D        | Noticed a flying skull
  1232 | D        | Noticed a jiangshi
  1232 | D        | Noticed a flying skull
  1234 | D        | Slain by a jiangshi

Vault maps used:
D:        pitsprint

Skill      XL: |  1  2  3  4  5  6  7  8 |
---------------+-------------------------+-----
Dodging        | 3 4 5 6 7 |  7.5
Transmutations | 3 4 5 6 7 |  7.5
Fighting       | 3 4 5 6 7 |  7.9
Armour         | 2 3 4 |  4.9
Stealth        | 2 3 4 5 |  5.4
Unarmed Combat | 4 5 6 7 |  7.7
Spellcasting   | 4 5 6 7 |  7.6
Ice Magic      | 1 3 |  3.9
Poison Magic   | 1 2 3 4 |  4.0

Action                   |  1- 3 |  4- 6 |  7- 9 || total
-------------------------+-------+-------+-------++-------
Melee: Unarmed           |    12 |    39 |    54 ||   105
       Kick              |     4 |     2 |     6 ||    12
       Headbutt          |       |       |     4 ||     4
 Cast: Beastly Appendage |     3 |     1 |       ||     4
       Spider Form       |       |     3 |     1 ||     4
       Blade Hands       |       |       |     6 ||     6
Invok: Serpent's Lash    |       |       |     3 ||     3
       Heavenly Storm    |       |       |     2 ||     2
  Use: Scroll            |       |       |     1 ||     1
       Potion            |       |       |     1 ||     1
 Stab: Sleeping          |     3 |     1 |     6 ||    10
  Eat: Fruit             |       |       |    11 ||    11
       Chunk             |       |       |     3 ||     3
Armor: Robe              |     1 |       |       ||     1
       Skin              |       |     1 |     2 ||     3
       Leather armour    |       |       |     1 ||     1
Dodge: Dodged            |     2 |    43 |    20 ||    65
